AoeStats
← larrery

Arabia

509880592Analyzed
2v2 RM · 5d ago on Sep 28, 2026· 42m 15s· 4 players
Game mode
Random Map
Map size
Medium (4 player)
Population
200
Speed
Normal
Resources
Standard
Victory
Conquest
Starting age
Dark Age
Ending age
Imperial Age
RankedLock teamsTeams togetherTeam positionsShared explorationLock speedFull tech treeHidden civsTurbo modeCheats
Victory
Defeat
🇨🇴 Muisca · Colombia
975
+17
🇦🇷 Franks · Argentina
939
+18
🇹🇼 Teutons · Taiwan
992
-17
🇹🇼 Varangians · Taiwan
991
-18
larrery
6:24 Loom
9:18 Feudal Age
10:08 Double-Bit Axe
17:41 Gold Mining
26:40 Castle Age
25:47 Fletching
28:11 Horse Collar
29:19 Padded Archer Armor
31:42 Bow Saw
32:12 Crossbowman
32:47 Town Watch
33:39 Bodkin Arrow
37:40 Leather Archer Armor
37:46 Thumb Ring
pablochatocorrea
3:25 Loom
10:51 Feudal Age
12:07 Double-Bit Axe
21:23 Forging
21:14 Scale Mail Armor
21:20 Scale Barding Armor
23:32 Castle Age
22:03 Town Watch
26:08 Husbandry
25:29 Light Cavalry
26:27 Chain Mail Armor
32:35 Squires
31:56 Pikeman
36:43 Bow Saw
40:11 Padded Archer Armor
40:02 Fletching
40:18 Scale Barding Armor
43:04 Imperial Age
chen
8:07 Loom
10:23 Feudal Age
11:26 Double-Bit Axe
16:51 Horse Collar
18:23 Wheelbarrow
21:51 Castle Age
23:08 Squires
23:51 Bow Saw
23:59 Scale Mail Armor
24:13 Gambesons
30:24 Hand Cart
33:42 Chain Mail Armor
36:24 Imperial Age
Autumn
3:19 Loom
9:30 Feudal Age
14:39 Double-Bit Axe
15:32 Fletching
21:41 Horse Collar
27:24 Castle Age
26:57 Stone Mining
29:43 Forging
29:40 Scale Mail Armor
31:59 Iron Casting
33:48 Ballistics
39:42 Heavy Plow
41:30 Wheelbarrow
42:37 Hand Cart
Connection lost

Rejoining the realm…

Still unreachable

The connection could not be restored.

Session expired

The server has moved on; the page needs a fresh start.